 Dungeon Crawl Stone Soup version 0.30-a0-187-gd9c2deaf24 (webtiles) character file.

Game seed: 16273591732286441787

46 lunkers the Chopper (level 4, -1/36 HPs)
             Began as a Meteoran Reaver on Oct 4, 2022.
             Was an Initiate of the Shining One.
             Killed from afar by Terence (9 damage)
             ... with a puff of flame
             ... on level 3 of the Dungeon.
             The game lasted 00:02:36 (749 turns).

lunkers the Chopper (Meteoran Reaver)                Turns: 749, Time: 00:02:36

Health: -1/36      AC:  3    Str: 16    XL:     4   Next: 13%
Magic:  6/9        EV: 12    Int: 14    God:    the Shining One [......]
Gold:   127        SH:  0    Dex: 12    Spells: 5/8 levels left

rFire   . . .      SeeInvis .    a - +0 hand axe
rCold   . . .      Faith    .    (no shield)
rNeg    . . .      Spirit   .    b - +0 leather armour
rPois   .          Reflect  .    (no helmet)
rElec   .          Harm     .    (no cloak)
rCorr   .          Rampage  .    (no gloves)
Will    .....                    (no boots)
Stlth   +.........               (no amulet)
HPRegen 0.26/turn                k - +4 ring of slaying
MPRegen 0.11/turn                (no ring)

@: immotile, glowing
A: sense surroundings 1, otherworldly, glowing, explore regen
a: Renounce Religion


You were on level 3 of the Dungeon.
You worshipped the Shining One.
The Shining One was noncommittal.
You visited 1 branch of the dungeon, and saw 3 of its levels.

You collected 127 gold pieces.

Inventory:

Hand Weapons
 a - a +0 hand axe (weapon)
Missiles
 e - 14 stones
Armour
 b - a +0 leather armour (worn)
Magical Staves
 f - a staff of cold
Jewellery
 k - a +4 ring of slaying (left hand)
Scrolls
 i - a scroll of poison {unknown}
 l - 2 scrolls of torment {unknown}
 m - a scroll of enchant armour {unknown}
 n - a scroll of blinking {unknown}
Potions
 c - a potion of cancellation {unknown}
 h - a potion of mutation
 j - a potion of brilliance


   Skills:
 - Level 2.1 Fighting
 * Level 5.5 Axes
 - Level 2.4 Dodging
 - Level 2.6 Spellcasting
 - Level 3.6 Conjurations


You had 5 spell levels left.
You knew the following spells:

 Your Spells              Type           Power      Damage    Failure   Level
b - Momentum Strike       Conj/Tloc      12%        3d8       21%         2
p - Kiss of Death         Conj/Necr      24%        2d7       13%         1

Your spell library contained the following spells:

 Spells                   Type           Power      Damage    Failure   Level
 Hailstorm                Conj/Ice       6%         3d4       36%         3


Dungeon Overview and Level Annotations

Branches:
Dungeon (3/15) Zot: 1046

Altars:
The Shining One

Annotations:
D:3 Terence


Innate Abilities, Weirdness & Mutations

You passively map a small area around you.
You are easily found by Zot.
You glow in the dark.
You regain HP and MP as you explore.


Message History

You slash the goblin!
You kill the goblin!
Casting: Momentum Strike (safe; 21% risk of failure)
Confirm with . or Enter, or press ? or * to list all spells.
Aiming: Momentum Strike (safe; 21% risk of failure)
Press: ? - help, Dir - move target, f - Terence
Aim: Terence, wielding a +0 flail, wearing a +0 scale mail and carrying a wand of flame (8) (72% to hit)
The concentrated momentum misses Terence.
Things that are here:
a +0 club; a goblin corpse
Casting: Momentum Strike (safe; 21% risk of failure)
Confirm with . or Enter, or press ? or * to list all spells.
Aiming: Momentum Strike (safe; 21% risk of failure)
Press: ? - help, Dir - move target, f/p - Terence
Aim: Terence, wielding a +0 flail, wearing a +0 scale mail and carrying a wand of flame (8) (72% to hit)
The concentrated momentum hits Terence.
You are unable to move.
Terence zaps a wand.
The puff of flame hits you!
* * * LOW HITPOINT WARNING * * *
Unknown command.
Casting: Momentum Strike (safe; 21% risk of failure)
Confirm with . or Enter, or press ? or * to list all spells.
You cannot redirect your momentum while unable to move.
Unknown command.
Unknown command.
Unknown command.
Okay, then.
You aren't carrying any items that you can evoke.
Unknown command.
Terence zaps a wand.
The puff of flame hits you.
* * * LOW HITPOINT WARNING * * *
Unknown command.
You hit Terence but do no damage.
Terence is lightly wounded.
Terence zaps a wand.
The puff of flame hits you!
* * * LOW HITPOINT WARNING * * *
Unknown command.
You hit Terence.
Terence is moderately wounded.
Terence zaps a wand.
The puff of flame hits you!
You die...

######......####
#..............# **
#######†###......$...#********,
#.................P.P,,,,,,,,,,
#..........#......P.P,,,,,,,,,,
#..........#......P@PP,,,,,,,,,
#.......)..###S#$.P..S..,,,,,,,
#..........# #@##.PPPPP.,,,,,,,
#..........###@##.P....,,,,,,,,
#.................PPP.P,,,,,,,,
#.......####...........,,,,,,,,
#.......# #####..P.PPP,,,,,,,,
#.......# **:#P...P,,,,,,,,
#.......# **,..PPP.P,,,,,,,,
#########*****,,.##**,.,>,,,**,
*,,,,,,,,,*.#* *,,,,*,***,
*,,********..***,*,,,,* *,


You could see Terence and an adder.

Vanquished Creatures
  3 adders
  A worm (D:2)
  4 endoplasms
  2 goblins
  2 hobgoblins
  2 kobolds
  4 ball pythons
  5 frilled lizards
  3 rats
26 creatures vanquished.

Vanquished Creatures (others)
  2 goblins (D:2)
  2 hobgoblins (D:2)
4 creatures vanquished.

Grand Total: 30 creatures vanquished

Notes
Turn   | Place    | Note
-------+----------+-------------------------------------------
     0 | D:1      | lunkers the Meteoran Reaver began the quest for the Orb.
     0 | D:1      | Reached XP level 1. HP: 17/17 MP: 5/5
   207 | D:1      | Reached skill level 4 in Axes
   240 | D:1      | Reached XP level 2. HP: 24/24 MP: 6/6
   247 | D:1      | Learned a level 2 spell: Momentum Strike
   358 | D:2      | Found a glowing golden altar of the Shining One.
   426 | D:2      | Became a worshipper of the Shining One
   530 | D:2      | Reached XP level 3. HP: 13/29 MP: 8/8
   544 | D:2      | HP: 1/29 [poisoned by an adder]
   545 | D:2      | Reached skill level 5 in Axes
   705 | D:3      | Reached XP level 4. HP: 17/36 MP: 9/9
   733 | D:3      | Noticed Terence
   749 | D:3      | Killed from afar by Terence

Illustrated notes

Levels and vault maps discovered:
D:1:      giann_wishing_wells, layout_loops_ring, nicolae_titane
D:2:      layout_rooms, basic_altar, uniq_crazy_yiuf_cottage
D:3:      layout_rooms, lemuel_round_altar,
          shapermc_ecumenical_altar_notcrosses, minmay_hedge_maze, uniq_sigmund,
          uniq_grinder, uniq_terence

Skill      XL: |  1  2  3 |
---------------+----------+-----
Axes           | 4 5 |  5.5
Fighting       | |  2.1
Dodging        | |  2.4
Spellcasting   | |  2.6
Conjurations   | |  3.6

Action                   |  1- 3 |  4- 6 || total
-------------------------+-------+-------++-------
Melee: Hand axe          |    53 |     5 ||    58
 Cast: Momentum Strike   |     6 |     2 ||     8
  Use: Scroll            |     4 |       ||     4
Armor: Leather armour    |    25 |       ||    25
Dodge: Dodged            |    25 |       ||    25

Table legend: (Time is in decaauts)
 A = Elapsed time spent in this place.
 B = Non-inter-level travel time spent in this place.
 C = Inter-level travel time spent in this place.
 D = Time resting spent in this place.
 E = Time spent auto-exploring this place.
 F = Levels seen in this place.
 G = Mean time per level.
                   A        B        C        D        E       F      G
               +--------+--------+--------+--------+--------+-----+--------+
         Total |    752 |    730 |     22 |      0 |    414 |   3 |  250.7 |
       Dungeon |    752 |    730 |     22 |      0 |    414 |   3 |  250.7 |
               +--------+--------+--------+--------+--------+-----+--------+

Top non-repeatable levels by time:
     D:2: 376 daAuts
     D:1: 311 daAuts
     D:3: 64 daAuts
